Unix NetHack Version 3.7.0-101 Work-in-progress - last build Mar 4 2024 13:34:30 (3c4ac04b664b9ee0831c739617f054b5b60dbfd1,branch:master). Game began 2024-03-22 11:17:58, ended 2024-03-22 20:18:39. misanthrope, lawful female human Valkyrie ----------- |.........| |.....<...| |.........-####@ |.........| |.......... |.......$.| --.-------- #0 Misanthrope the Woman-at-arms St:18/04 Dx:14 Co:17 In:9 Wi:6 Ch:9 Lawful Dlvl:10 $:28 HP:87(87) Pw:32(32) AC:-6 Xp:11/10707 T:14979 Latest messages: You kill the large mimic! You see here a large mimic corpse. The door opens. You see here a large box. What do you want to use or apply? [hklnov-zAV or ?*] In what direction? There is a large box here; unlock it? [ynq] (q) You succeed in unlocking the box. J - an engagement ring. What do you want to wear? [*] Which ring-finger, Right or Left? [rl] J - a +1 ring of gain constitution (on left hand). What do you want to take off? [cmtGN or ?*] You were wearing a +1 ring of gain constitution (on left hand). What do you want to use or apply? [hklnov-zAV or ?*] What do you want to stash? [a-chk-ptvx-zADGJNV or ?*] You put a +1 ring of gain constitution into the bag called holding. You see here a shining spellbook. You see here 28 gold pieces. $ - 28 gold pieces. You see here a shining spellbook. Something is written here in the dust. You read: "\lac w?s herc". The door opens. You find a trap door. You feel weak! You haven't been exercising properly. Something is written here in the dust. You read: "\l?c w herc". Where do you want to travel to? (For instructions type a '?') Something is written here in the dust. You read: "l c herc". Where do you want to travel to? (For instructions type a '?') You descend the stairs. You see here 113 gold pieces. The door opens. What do you want to use or apply? [hklnov-zAV or ?*] Your lamp is now on. You hit the water nymph! You hit the water nymph! The water nymph pretends to be friendly. The water nymph takes off your uncursed rusty thoroughly corroded +4 spear (weapon in right hand). She stole an uncursed rusty thoroughly corroded +4 spear. The water nymph vanishes! # Really quit? [yn] (n) Do you want your possessions identified? [ynq] (y) Do you want to see your attributes? [ynq] (y) Inventory: Coins ('$') $ - 28 gold pieces Armor ('[') m - an uncursed +1 orcish helm (being worn) t - an uncursed burnt +0 pair of leather gloves (being worn) G - an uncursed +0 pair of iron shoes (being worn) c - an uncursed +3 small shield (being worn) N - an uncursed +0 dwarvish mithril-coat (being worn) Comestibles ('%') p - an uncursed lizard corpse Scrolls ('?') b - an uncursed scroll of teleportation Potions ('!') D - an uncursed potion of extra healing Wands ('/') y - an uncursed wand of digging (0:3) o - an uncursed wand of light (0:9) A - an uncursed wand of slow monster (0:4) V - an uncursed wand of teleportation (0:6) h - an uncursed wand of undead turning (0:5) Tools ('(') w - an uncursed bag of holding containing 65 items v - an uncursed blindfold named Col Stl Spd SIn Poi Inv Tpy Slp P02 l - an uncursed oil lamp (lit) k - an uncursed skeleton key n - an uncursed +0 unicorn horn Gems/Stones ('*') x - an uncursed luckstone z - an uncursed touchstone Contents of the bag of holding: 1283 gold pieces a cursed -2 helm of opposite alignment an uncursed +0 pair of elven boots a cursed +0 cloak of displacement an uncursed +0 mummy wrapping 2 uncursed carrots 7 uncursed food rations an uncursed scroll of remove curse an uncursed scroll of enchant armor a cursed scroll of blank paper an uncursed scroll of charging an uncursed scroll of confuse monster a cursed scroll of create monster a blessed scroll of destroy armor an uncursed scroll of earth an uncursed scroll of enchant weapon an uncursed scroll of fire an uncursed scroll of teleportation a cursed scroll of teleportation a blessed potion of speed a cursed potion of speed 2 uncursed potions of gain ability an uncursed potion of sickness an uncursed potion of object detection an uncursed potion of booze an uncursed potion of gain energy an uncursed potion of acid 2 uncursed potions of water a potion of unholy water an uncursed potion of extra healing an uncursed potion of healing a blessed potion of levitation an uncursed potion of levitation an uncursed potion of monster detection an uncursed potion of paralysis an uncursed ring of regeneration a cursed ring of polymorph a cursed ring of sustain ability an uncursed ring of cold resistance an uncursed ring of free action an uncursed ring of shock resistance an uncursed +1 ring of increase damage an uncursed +1 ring of gain constitution an uncursed ring of poison resistance an uncursed ring of poison resistance an uncursed ring of teleport control an uncursed wand of light (0:15) an uncursed wand of slow monster (0:5) an uncursed wand of slow monster (0:5) an uncursed wand of teleportation (0:6) an uncursed wand of teleportation (0:6) an uncursed magic marker (0:95) an uncursed +0 pick-axe an uncursed tinning kit (0:44) an uncursed worthless piece of black glass 8 uncursed worthless pieces of blue glass 3 uncursed worthless pieces of green glass 4 uncursed worthless pieces of orange glass an uncursed worthless piece of red glass 2 uncursed worthless pieces of violet glass an uncursed dilithium crystal an uncursed worthless piece of white glass 7 uncursed worthless pieces of yellow glass 3 uncursed worthless pieces of yellowish brown glass an uncursed amber stone Misanthrope the Valkyrie's attributes: Background: You were a Woman-at-arms, a level 11 human Valkyrie. You were lawful, on a mission for Tyr who was opposed by Odin (neutral) and Loki (chaotic). You were right-handed. You were in the Dungeons of Doom, on level 10. You entered the dungeon 14979 turns ago. You had 10707 experience points, 9293 more were needed to attain level 12. Basics: You had all 87 hit points. You had all 32 energy points (spell power). Your armor class was -6. Your wallet contained 28 zorkmids, and you had 1283 more stashed away in your pack. Autopickup was off. Final Characteristics: Your strength was 18/04 (peak:18/06, limit:18/100). Your dexterity was 14 (limit:18). Your constitution was 17 (limit:18). Your intelligence was 9 (limit:18). Your wisdom was 6 (peak:10, limit:18). Your charisma was 9 (limit:18). Final Status: You weren't hungry. You were unencumbered. You were empty handed. You were unskilled in bare handed combat. Final Attributes: You were piously aligned. You were cold resistant. You were sleep resistant. You were poison resistant. You saw invisible. You were telepathic. You were invisible to others. You were stealthy. You had a small defense bonus (+2). You were guarded. You were fast. You were lucky. You had extra luck. Bad luck did not time out for you. Good luck did not time out for you. You survived. Miscellaneous: You never encountered a bones level. Total elapsed playing time was 4 hours, 58 minutes and 35 seconds. Major events: Turn 1: misanthrope the lawful human Valkyrie entered the dungeon 969: entered the Gnomish Mines 1863: attained the rank of Skirmisher (level 3) 3660: attained the rank of Fighter (level 6) 4765: reached Mine Town 6571: entered Sokoban 7053: completed 1st Sokoban level 7654: completed 2nd Sokoban level 8004: completed 3rd Sokoban level 8583: attained the rank of Woman-at-arms (level 10) 9232: completed 4th Sokoban level 9684: acquired the Sokoban bag of holding 14979: quit Vanquished creatures: a giant mimic a long worm a large mimic 3 stalkers an earth elemental a water elemental 3 wargs 5 small mimics a xan an ettin mummy an ogre leader a quantum mechanic a wood golem 2 gelatinous cubes 3 large dogs a flaming sphere 2 tigers a gargoyle a tengu an ochre jelly a human mummy a red naga 2 pythons 3 wraiths an ettin zombie a leather golem 3 soldiers a watchman an amorous demon a crocodile 2 giant beetles 2 cockatrices a winter wolf cub a gremlin a spotted jelly 4 leprechauns 2 iron piercers a mumak 3 scorpions a horse 2 ice vortices a black light 2 vampire bats a forest centaur 3 gnome rulers 3 owlbears 2 Green-elves a lizard 2 chickatrices a dingo 2 dogs a jaguar a blue jelly a white unicorn a gray unicorn 4 dust vortices a raven 2 plains centaurs a gnome mummy 6 apes 2 rope golems 7 Woodland-elves 8 soldier ants an imp 2 water nymphs a Mordor orc 4 Uruk-hai an orc shaman 3 rock piercers 5 rock moles 4 ponies 2 fog clouds 2 yellow lights 3 violet fungi 16 gnome leaders 2 gnomish wizards a kobold mummy a red naga hatchling a gray ooze an elf zombie 2 straw golems a paper golem a baby crocodile 3 giant ants a little dog 4 floating eyes 8 dwarves 5 homunculi a kobold leader a kobold shaman 12 hill orcs 8 rothes 2 giant bats 6 monkeys an orc zombie 4 dwarf zombies 2 wererats a werejackal 14 iguanas 3 killer bees 2 acid blobs 2 coyotes a gas spore 2 hobbits 7 manes 4 large kobolds 7 hobgoblins 5 giant rats a cave spider 2 brown molds 8 yellow molds a green mold 2 red molds 49 gnomes 3 garter snakes 2 gnome zombies 15 geckos 6 jackals 2 foxes 2 kobolds 4 goblins 7 grid bugs 3 bats 9 lichens 4 kobold zombies 19 newts 419 creatures vanquished. No species were genocided or became extinct. Voluntary challenges: You read items or engraved 24 times. You engraved Elbereth 5 times. You never genocided any monsters. You never polymorphed an object. You used no wishes. You did not violate any of the special Sokoban rules. Achievements: You entered the Gnomish Mines. You entered a shop. You attained the rank of Skirmisher. You attained the rank of Fighter. You entered Minetown. You entered a temple. You entered Sokoban. You attained the rank of Woman-at-arms. You completed Sokoban. The Dungeons of Doom: levels 1 to 10 Level 1: Some fountains, a grave. Level 2: A fountain. Stairs down to The Gnomish Mines. Level 3: "vault" A fountain. Level 4: A fountain. Level 5: Many fountains. Level 6: "vault" A scroll shop, a grave. Stairs up to Sokoban, level 5. Level 7: A sink. Level 8: Level 9: A fountain. Level 10: <- You were here. The Gnomish Mines: levels 3 to 9 Level 3: Level 4: Level 5: A general store, a temple and an altar, some fountains. Level 6: Level 7: Level 8: Level 9: Sokoban: levels 5 up to 2 Level 2: Solved. Level 3: Solved. Level 4: Solved. Level 5: Solved. Farvel misanthrope the Valkyrie... You quit in The Dungeons of Doom on dungeon level 10 with 35515 points, and 1311 pieces of gold, after 14979 moves. You were level 11 with a maximum of 87 hit points when you quit.